 Dungeon Crawl Stone Soup version 0.28-a0-1184-g53156a8862 (webtiles) character file.

Game seed: 14881919370808289022

118 frimble the Grasshopper (level 4, -2/33 HPs)
             Began as a Demonspawn Warper on Dec 18, 2021.
             Slain by Grinder (3 damage)
             ... while paralysed by Grinder
             ... on level 3 of the Dungeon.
             The game lasted 00:03:00 (3449 turns).

frimble the Grasshopper (Demonspawn Warper)         Turns: 3449, Time: 00:03:01

Health: -2/33      AC:  4    Str: 13    XL:     4   Next: 72%
Magic:  7/7        EV:  2    Int: 15    God:
Gold:   146        SH:  0    Dex: 12    Spells: 5/7 levels left

rFire   . . .      SeeInvis .   f - +3 dagger (drain)
rCold   . . .      Faith    .   (no shield)
rNeg    . . .      Spirit   .   b - +0 leather armour
rPois   .          Reflect  .   (helmet restricted)
rElec   .          Harm     .   k - +0 cloak
rCorr   .          Rampage  .   (no gloves)
Will    .....                   (no boots)
Stlth   ++........              (no amulet)
HPRegen 0.11/turn               (no ring)
MPRegen 0.10/turn               (no ring)

@: paralysed, hasted
A: horns 2
a: no special abilities


You were on level 3 of the Dungeon.
You visited 1 branch of the dungeon, and saw 3 of its levels.

You collected 146 gold pieces.

Inventory:

Hand Weapons
 a - a +0 falchion
 f - a +3 dagger of draining (weapon)
Missiles
 d - 5 boomerangs of dispersal (quivered)
 g - 6 javelins
 m - 3 silver javelins
Armour
 b - a +0 leather armour (worn)
 k - a +0 cloak (worn)
Scrolls
 c - 3 scrolls of blinking
Potions
 e - 2 potions of might
 i - a potion of ambrosia {unknown}
 j - a potion of degeneration {unknown}
 l - a potion of cancellation {unknown}
 n - a potion of curing {unknown}


   Skills:
 - Level 2.0 Fighting
 + Level 2.6(2.9) Short Blades
 - Level 1.7(2.5) Long Blades
 - Level 0.9 Throwing
 - Level 0.9 Armour
 - Level 1.8 Dodging
 + Level 2.2 Stealth
 - Level 2.0 Spellcasting
 - Level 3.2 Translocations


You had 5 spell levels left.
You knew the following spells:

 Your Spells              Type           Power      Damage    Failure   Level
a - Blink                 Tloc           22%        N/A       12%         2

Your spell library contained the following spells:

 Spells                   Type           Power      Damage    Failure   Level
 Gell's Gravitas          Tloc           11%        N/A       22%         3
 Lesser Beckoning         Tloc           11%        N/A       22%         3
 Teleport Other           Tloc           11%        N/A       22%         3
 Manifold Assault         Tloc           11%        N/A       91%         5


Dungeon Overview and Level Annotations

Branches:
Dungeon (3/15)

Altars:

Shops:
D:3 *

Annotations:
D:3 2 transporters, Grinder


Innate Abilities, Weirdness & Mutations

You have a pair of horns on your head.


Message History

You aren't carrying any items that you can evoke.
Okay, then.
As you read the scroll labelled DONAYBANAI, it crumbles to dust.
It is a scroll of enchant weapon.
Your +2 dagger of draining glows red for a moment.
You feel yourself speed up. Grinder hits you.
You writhe in agony.
You hit Grinder.
Grinder is lightly wounded.
You barely miss Grinder. You headbutt Grinder.
Grinder is moderately wounded.
Grinder hits you.
You writhe in agony.
You barely miss Grinder. You headbutt Grinder.
Grinder is moderately wounded.
You hit Grinder. You headbutt Grinder!
Grinder is heavily wounded.
Grinder hits you.
You writhe in agony.
You closely miss Grinder.
Grinder is heavily wounded.
You hit Grinder.
Grinder is severely wounded.
Grinder closely misses you.
You hit Grinder.
Grinder is severely wounded.
Grinder gestures at you.
You suddenly lose the ability to move!
Grinder hits you!
* * * LOW HITPOINT WARNING * * *
You writhe in agony.
* * * LOW HITPOINT WARNING * * *
Grinder gestures at you.
You shrug off the repeated paralysis!
Grinder hits you.
* * * LOW HITPOINT WARNING * * *
Grinder hits you.
* * * LOW HITPOINT WARNING * * *
You writhe in agony.
* * * LOW HITPOINT WARNING * * *
Grinder hits you.
You die...

...# #..# #..# .# ###
#..###### #.. ..#
........####.# #.#
#..........#.# #.#
##.###..##.#.# #.# ##.#
#..##.#.# #5#
##.###..##.#.###@#
##...........##..#######
................./......
.....................###
...####.......###....#
...#..###...###.##...#
...# . ##..# .#. ..##
....# ## ####.. ##..#
...## ... ^. ...


You could see Grinder.

Vanquished Creatures
  Robin (D:2)
  3 adders
  2 worms (D:2)
  A dart slug (D:2)
  2 orcs (D:3)
  2 ball pythons
  A bat (D:3)
  5 endoplasms (D:1)
  4 giant cockroaches
  15 goblins
  9 hobgoblins
  4 jackals (D:1)
  6 kobolds
  7 rats
62 creatures vanquished.

Notes
Turn   | Place    | Note
-------+----------+-------------------------------------------
     0 | D:1      | frimble the Demonspawn Warper began the quest for the Orb.
     0 | D:1      | Reached XP level 1. HP: 16/16 MP: 3/3
   417 | D:1      | Gained mutation: You have a pair of small horns on your
                  | head. [demonic ancestry]
   417 | D:1      | Reached XP level 2. HP: 9/21 MP: 5/5
   648 | D:1      | Reached skill level 3 in Translocations
   695 | D:1      | Reached skill level 1 in Short Blades
   781 | D:1      | Found a faded altar of an unknown god.
  1063 | D:1      | Learned a level 2 spell: Blink
  1225 | D:1      | Gained mutation: You have a pair of horns on your head.
                  | [demonic ancestry]
  1225 | D:1      | Reached XP level 3. HP: 6/27 MP: 6/6
  1846 | D:2      | Reached skill level 1 in Stealth
  2228 | D:2      | Reached XP level 4. HP: 25/33 MP: 7/7
  2255 | D:2      | Noticed Robin
  2293 | D:2      | Killed Robin
  3071 | D:3      | Found a transporter.
  3074 | D:3      | Found a transporter.
  3075 | D:3      | Noticed a kobold brigand
  3083 | D:3      | Noticed a small abomination
  3218 | D:3      | Found Hixzetz's General Store.
  3433 | D:3      | Noticed Grinder
  3444 | D:3      | Paralysed by Grinder for 6 turns
  3448 | D:3      | HP: 1/33 [Grinder (2)]
  3449 | D:3      | Slain by Grinder

Illustrated notes

Levels and vault maps discovered:
D:1:      lemuel_arrival_cross, layout_loops_ring,
          ebering_ecumenical_altar_abandoned, minmay_pentomino_r2
D:2:      layout_loops_ring, minmay_misc_feat_nine_boxes, st_stairs_10,
          minmay_misc_feat_secret_circle, uniq_robin
D:3:      layout_loops_ring, gammafunk_ghost_abyssal_escape, serial_shops, shop,
          minmay_misc_feat_x, uniq_grinder

Skill      XL: |  1  2  3  4 |
---------------+-------------+-----
Translocations | 3 |  3.2
Short Blades   | 1 2 |  2.6
Stealth        | 1 2 |  2.2
Fighting       | |  2.0
Long Blades    | |  1.7
Throwing       | |  0.9
Armour         | |  0.9
Dodging        | |  1.8
Spellcasting   | |  2.0

Action                   |  1- 3 |  4- 6 || total
-------------------------+-------+-------++-------
Melee: Dagger            |    94 |    51 ||   145
       Falchion          |    11 |       ||    11
       Headbutt          |     9 |     6 ||    15
  Use: Scroll            |     2 |     2 ||     4
       Potion            |       |     1 ||     1
Armor: Leather armour    |    16 |     9 ||    25
Dodge: Dodged            |    48 |    17 ||    65

Table legend: (Time is in decaauts)
 A = Elapsed time spent in this place.
 B = Non-inter-level travel time spent in this place.
 C = Inter-level travel time spent in this place.
 D = Time resting spent in this place.
 E = Time spent auto-exploring this place.
 F = Levels seen in this place.
 G = Mean time per level.
                   A        B        C        D        E       F      G
               +--------+--------+--------+--------+--------+-----+--------+
         Total |   3435 |   3299 |    136 |    379 |   2472 |   3 | 1145.0 |
       Dungeon |   3435 |   3299 |    136 |    379 |   2472 |   3 | 1145.0 |
               +--------+--------+--------+--------+--------+-----+--------+

Top non-repeatable levels by time:
     D:1: 1843 daAuts
     D:2: 1175 daAuts
     D:3: 416 daAuts
